 Dungeon Crawl Stone Soup version 0.20-a0-77-g476458c (webtiles) character file.

12823 KristoblXynda the Cleaver (level 11, -9/79 HPs)
             Began as a Green Draconian Skald on Nov 19, 2016.
             Was an Elder of Makhleb.
             Mangled by a yak (18 damage)
             ... on level 2 of the Lair of Beasts.
             The game lasted 00:36:47 (12070 turns).

KristoblXynda the Cleaver (Green Draconian Skald)  Turns: 12070, Time: 00:36:48

Health: -9/79      AC: 15    Str: 20    XL:     11   Next: 67%
Magic:  23/23      EV: 17    Int: 15    God:    Makhleb [****..]
Gold:   638        SH:  0    Dex: 11    Spells: 2 memorised, 8 levels left

rFire  . . .     SeeInvis .     q - +2 war axe
rCold  . . .     Gourm    .     (armour unavailable)
rNeg   . . .     Faith    .     (no shield)
rPois  +         Spirit   .     (helmet restricted)
rElec  .         Reflect  .     s - +0 cloak
rCorr  .         Harm     .     u - +1 pair of gloves of Nuvynt {MR- Str+5}
MR     .....                    (no boots)
Stlth  +.........               d - amulet of regeneration
                                j - +5 ring of protection
                                g - ring of magical power

@: no status effects
A: breathe noxious fumes, unfitting armour, poison resistance, cold-blooded, AC
+7
a: Breathe Noxious Fumes, Minor Destruction, Lesser Servant of Makhleb, Major
Destruction, Renounce Religion


You were on level 2 of the Lair of Beasts.
You worshipped Makhleb.
Makhleb was greatly pleased with you.
You were not hungry.

You visited 2 branches of the dungeon, and saw 11 of its levels.

You collected 638 gold pieces.

Inventory:

Hand Weapons
 q - a +2 war axe (weapon)
 r - a +3 scimitar of flaming
 y - the +8 long sword of Eternity {slice, Str+5 Int+2}
   (You found it on level 1 of the Lair of Beasts)

   It inflicts extra damage upon your enemies.
   It affects your strength (+5).
   It affects your intelligence (+2).
Missiles
 m - 10 javelins (quivered)
Armour
 s - a +0 cloak (worn)
 u - the +1 pair of gloves of Nuvynt (worn) {MR- Str+5}
   (You found it on level 9 of the Dungeon)

   It affects your strength (+5).
   It affects your resistance to hostile enchantments.
Jewellery
 a - an uncursed amulet of magic regeneration
 d - an amulet of regeneration (around neck)
 g - a ring of magical power (left hand)
 j - a +5 ring of protection (right hand)
 z - an uncursed ring of fire {unknown}
Wands
 l - a wand of iceblast (2/15)
 v - a wand of digging (18/24)
Scrolls
 b - a scroll of teleportation
 e - a scroll of recharging
 f - 3 scrolls of amnesia
 p - 2 scrolls of remove curse
 t - 2 scrolls of identify
 A - a scroll of fog
Potions
 k - 3 potions of flight
 o - a potion of brilliance
 w - 2 potions of invisibility
 x - a potion of might
 B - a potion of haste
Comestibles
 c - 12 bread rations
 h - 4 beef jerkies
 i - 7 fruits
 n - a meat ration


   Skills:
 - Level 2.1 Fighting
 - Level 3.1 Long Blades
 + Level 10.8 Axes
 - Level 3.2 Throwing
 + Level 9.5 Dodging
 - Level 2.0 Spellcasting
 - Level 5.1 Hexes
 - Level 5.0 Charms
 - Level 5.3 Necromancy
 + Level 5.2 Evocations


You had 8 spell levels left.
You knew the following spells:

 Your Spells              Type           Power        Failure   Level  Hunger
b - Regeneration          Chrm/Necr      ###.......   10%         3    ###....
c - Spectral Weapon       Hex/Chrm       ###.....     10%         3    ###....


Dungeon Overview and Level Annotations

Branches:
Dungeon (9/15)             Temple (0/1) D:6            Lair (2/6) D:8
  Swamp: Lair:2-4    Shoals: Lair:2-4     Snake: Lair:2-4    Spider: Lair:2-4
    Orc: D:9-12

Altars:
Dithmenos
Hepliaklqana
Kikubaaqudgha
Makhleb
Sif Muna
Trog
Yredelemnul

Shops:
D:6 *

Annotations:
D:7 Menkaure


Innate Abilities, Weirdness & Mutations

You can breathe blasts of noxious fumes.
Your lurid green scales are hard. (AC +7)
You cannot fit into any form of body armour.
Your system is resistant to poisons. (rPois)
You are cold-blooded and may be slowed by cold attacks.


Message History

You hit the yak. You closely miss the yak. You completely miss the yak.
The yak barely misses you. The yak gores you but does no damage.
The yak misses you.
Unknown command.
You hit the yak.
The yak is lightly wounded.
You barely miss the yak. You slash the yak! x2
You hit the yak but do no damage. The yak barely misses you. x2
The yak gores you but does no damage. x2; The yak gores you!
* * * LOW HITPOINT WARNING * * *
Unknown command.
You hit the yak but do no damage.
The yak is lightly wounded.
You hit the yak but do no damage. x2; You slash the yak!
You hit the yak. The yak misses you.
The yak closely misses you. x2; The yak misses you.
The yak gores you.
* * * LOW HITPOINT WARNING * * *
Unknown command.
The yak misses you. The yak gores you!!
You die...

##.P.##
#.....#######
#.....###.#...##
#.....#..#..<.#
....#...........##
.....###..........#
...## ##........##
..# #........# .)
#.......P#
##...!.Y@.#
#.....YYY##
#.......Y##
...P###.... ..##
###... .# ###.# ##


You could see 5 yaks.

Vanquished Creatures
  A hydra (Lair:1)
  Erica (D:9)
  The ghost of sveltemanboy the Archer, a novice CeHu (D:6)
  A black mamba (Lair:1)
  3 spiny frogs
  4 hippogriffs
  3 blink frogs (Lair:1)
  A spriggan (D:8)
  Eustachio (D:4)
  A basilisk (Lair:1)
  14 yaks
  The ghost of KristoblXynda the Chopper, an amateur DrSk of Uskayaw (D:3)
  The ghost of KristoblXynda the Charmwright, an amateur DrSk of Makhleb (D:4)
  A hungry ghost (D:9)
  3 water moccasins
  4 black bears
  Duvessa (D:4)
  A porcupine (Lair:1)
  6 orc warriors
  2 ice beasts
  A necrophage (D:5)
  2 phantoms
  6 sky beasts
  3 centaurs
  5 ogres
  3 crocodiles
  2 big kobolds
  8 bullfrogs
  A gnoll sergeant (D:8)
  A wyvern skeleton (D:8)
  Dowan (D:4)
  2 scorpions
  5 killer bees (D:8)
  2 electric eels (D:9)
  2 jellies
  4 crimson imps
  A bullfrog zombie (D:9)
  3 hounds
  8 orc priests
  2 centaur skeletons (D:5)
  An iguana (D:5)
  8 orc wizards
  Natasha (thrice) (D:4)
  5 worker ants
  20 gnolls
  6 adders (D:2)
  An ooze (D:2)
  An adder zombie (D:7)
  An adder skeleton (D:4)
  3 worms (D:2)
  A dart slug (D:4)
  7 leopard geckos
  34 orcs
  5 giant cockroaches
  34 goblins
  18 hobgoblins
  5 jackals (D:1)
  3 quokkas
  2 ball pythons
  2 bats (D:1)
  4 frilled lizards
  17 kobolds
  A leopard gecko zombie (D:5)
  A quokka skeleton (D:7)
  10 rats
306 creatures vanquished.

Vanquished Creatures (others)
  A plant (Lair:1)
  A spectral weapon (D:9)
2 creatures vanquished.

Grand Total: 308 creatures vanquished

Notes
Turn   | Place    | Note
-------+----------+-------------------------------------------
     0 | D:1      | KristoblXynda the Draconian Skald began the quest for the Orb.
     0 | D:1      | Reached XP level 1. HP: 17/17 MP: 3/3
   264 | D:1      | Reached XP level 2. HP: 7/24 MP: 5/5
   933 | D:1      | You fall through a shaft!
   964 | D:2      | HP: 1/24 [worm (7)]
  1332 | D:2      | Reached XP level 3. HP: 12/29 MP: 6/6
  1526 | D:2      | Learned a level 3 spell: Regeneration
  1709 | D:2      | Reached skill level 3 in Axes
  1801 | D:2      | Reached XP level 4. HP: 13/36 MP: 7/7
  2328 | D:2      | Found a hazy altar of Hepliaklqana.
  2452 | D:3      | Noticed KristoblXynda's ghost (amateur DrSk)
  2621 | D:3      | Killed KristoblXynda's ghost
  2621 | D:3      | Reached skill level 4 in Axes
  2621 | D:3      | Reached skill level 1 in Throwing
  2621 | D:3      | Reached XP level 5. HP: 36/41 MP: 8/8
  2957 | D:3      | Reached XP level 6. HP: 46/48 MP: 9/9
  3595 | D:3      | Found a burning altar of Makhleb.
  3596 | D:3      | Noticed a cacodemon
  3626 | D:3      | Noticed a hellwing
  3626 | D:3      | Noticed a smoke demon
  3628 | D:3      | Became a worshipper of Makhleb the Destroyer
  3885 | D:4      | Noticed a sky beast
  3932 | D:4      | Killed a sky beast
  3932 | D:4      | Your scales start taking on a lurid green colour.
  3932 | D:4      | Reached XP level 7. HP: 47/55 MP: 7/10
  3932 | D:4      | Gained mutation: Your system is resistant to poisons. (rPois) [Green Draconian growth]
  4017 | D:4      | Noticed KristoblXynda's ghost (amateur DrSk)
  4058 | D:4      | Found a shadowy altar of Dithmenos.
  4105 | D:4      | Killed KristoblXynda's ghost
  4105 | D:4      | Reached skill level 5 in Axes
  4105 | D:4      | Reached skill level 5 in Charms
  4166 | D:4      | Learned a level 3 spell: Spectral Weapon
  4199 | D:4      | Found a deep blue altar of Sif Muna.
  4228 | D:4      | Noticed Eustachio
  4267 | D:4      | Killed Eustachio
  4267 | D:4      | Reached skill level 1 in Necromancy
  4368 | D:4      | Noticed Natasha
  4383 | D:4      | Killed Natasha
  4438 | D:4      | Noticed Natasha
  4456 | D:4      | Killed Natasha
  4500 | D:4      | Noticed Dowan
  4501 | D:4      | Noticed Duvessa
  4517 | D:4      | Killed Dowan
  4589 | D:4      | Killed Duvessa
  4589 | D:4      | Reached XP level 8. HP: 61/61 MP: 11/11
  4786 | D:4      | Noticed Natasha
  4803 | D:4      | Killed Natasha
  5070 | D:5      | Entered Level 5 of the Dungeon
  5140 | D:5      | Reached skill level 6 in Axes
  5216 | D:5      | Gained mutation: You are clumsy. (Dex -2) [potion of mutation]
  5216 | D:5      | Gained mutation: You have large cloven feet. [potion of mutation]
  5216 | D:5      | Lost mutation: You are clumsy. (Dex -2) [potion of mutation]
  5237 | D:5      | Reached * piety under Makhleb
  5699 | D:5      | Reached skill level 7 in Axes
  5977 | D:5      | Reached skill level 5 in Dodging
  5977 | D:5      | Reached XP level 9. HP: 67/67 MP: 12/12
  6203 | D:6      | Noticed sveltemanboy's ghost (novice CeHu)
  6351 | D:6      | Killed sveltemanboy's ghost
  6351 | D:6      | Reached ** piety under Makhleb
  6351 | D:6      | Reached skill level 5 in Necromancy
  6428 | D:6      | Found a staircase to the Ecumenical Temple.
  6433 | D:6      | Found a basalt altar of Yredelemnul.
  6555 | D:6      | Found Zogugh's Elemental Accessories.
  6736 | D:6      | Reached skill level 1 in Hexes
  6808 | D:6      | Reached skill level 8 in Axes
  7425 | D:7      | Found a bloodstained altar of Trog.
  7427 | D:7      | Noticed Menkaure
  7630 | D:8      | Found a bloodstained altar of Trog.
  7674 | D:8      | Found a staircase to the Lair.
  7697 | Lair:1   | Entered Level 1 of the Lair of Beasts
  7793 | D:8      | Gained mutation: Your magical capacity is low. (-10% MP) [mutagenic meat]
  7794 | D:8      | Gained mutation: You are frail. (-10% HP) [mutagenic meat]
  7795 | D:8      | Gained mutation: Your tail ends in a poisonous barb. [mutagenic meat]
  7796 | D:8      | Lost mutation: Your tail ends in a poisonous barb. [mutagenic meat]
  7797 | D:8      | Gained mutation: You expend magic power (3 MP) to strengthen your wands. [mutagenic meat]
  7914 | D:8      | Reached XP level 10. HP: 65/65 MP: 11/11
  8234 | D:8      | Reached skill level 9 in Axes
  8806 | D:9      | Reached *** piety under Makhleb
  8806 | D:9      | HP: 1/65 [orc warrior/halberd (23)]
  9148 | D:9      | Noticed Erica
  9188 | D:9      | Killed Erica
  9188 | D:9      | Reached skill level 5 in Hexes
  9331 | D:9      | Got a pair of warped gloves
  9337 | D:9      | Identified the +1 pair of gloves of Nuvynt {MR- Str+5} (You found it on level 9 of the Dungeon)
  9459 | D:9      | Found an ancient bone altar of Kikubaaqudgha.
  9537 | D:9      | Reached skill level 1 in Evocations
  9542 | D:9      | Reached skill level 10 in Axes
 10099 | D:9      | Got a twisted quarterstaff {elec}
 10105 | D:9      | Identified the +8 quarterstaff "Neiphocw" {elec, rElec rPois Str-5} (You took it off an orc on level 9 of the Dungeon)
 10322 | Lair:1   | Reached XP level 11. HP: 62/71 MP: 12/12
 10336 | Lair:1   | Reached **** piety under Makhleb
 10597 | Lair:1   | HP: 3/71 [black mamba (12)]
 10599 | Lair:1   | Lost mutation: Your magical capacity is low. (-10% MP) [potion of cure mutation]
 10599 | Lair:1   | Lost mutation: You expend magic power (3 MP) to strengthen your wands. [potion of cure mutation]
 10599 | Lair:1   | Lost mutation: You are frail. (-10% HP) [potion of cure mutation]
 10599 | Lair:1   | Lost mutation: You have large cloven feet. [potion of cure mutation]
 10981 | Lair:1   | Got a pitted long sword
 10982 | Lair:1   | Identified the +8 long sword of Eternity {slice, Str+5 Int+2} (You found it on level 1 of the Lair of Beasts)
 11179 | Lair:1   | Reached skill level 1 in Long Blades
 11346 | Lair:1   | Noticed a six-headed hydra
 11449 | Lair:1   | Killed a one-headed hydra
 11894 | Lair:1   | Reached skill level 5 in Evocations
 12070 | Lair:2   | Mangled by a yak

Vault maps used:
D:1:      dpeg_arrival_long_road
D:2:      old_standard_altar, grunt_ministairs_14, minmay_misc_feat_chi
D:3:      minmay_goblin_kobold_castle, makhleb_altar_promises_db
D:4:      kennysheep_little_box, first_bread,
          nicolae_dithmenos_through_a_glass_darkly, uniq_natasha, uniq_duvessa,
          uniq_eustachio
D:6:      yredelemnul_altar_generic, minivault_11, nicolae_elemental_shop
D:7:      chequers_temple_overflow_statue_of_worship, basic_altar,
          lightli_corner_chamber, uniq_menkaure
D:8:      lair_entry_dummy, the_bakery, st_stairs_10, trog_ov_bears_minmay
D:9:      kennysheep_mini_moat, kennysheep_generic_room_2, uniq_erica
Lair:1:   st_stairs_9
Lair:2:   beast_lair_carwin_7

Skill      XL: |  1  2  3  4  5  6  7  8  9 10 11 |
---------------+----------------------------------+-----
Charms         | 3 4 5 |  5.0
Dodging        | 2 3 5 6 8 9 |  9.5
Axes           | 3 4 5 7 8 10 | 10.8
Throwing       | 1 2 3 |  3.2
Necromancy     | 2 4 5 |  5.3
Hexes          | 3 5 |  5.1
Evocations     | 2 5 |  5.2
Long Blades    | 3 |  3.1
Fighting       | |  2.1
Spellcasting   | |  2.0

Action                   |  1- 3 |  4- 6 |  7- 9 | 10-12 || total
-------------------------+-------+-------+-------+-------++-------
Melee: Hand axe          |   133 |    26 |   497 |   158 ||   814
       Tailslap          |    12 |    29 |    86 |    85 ||   212
       Short sword       |       |   272 |   257 |       ||   529
       Kick              |       |       |   163 |   103 ||   266
       War axe           |       |       |       |   404 ||   404
       Scimitar          |       |       |       |     8 ||     8
Throw: Javelin           |       |    44 |    44 |     1 ||    89
       Throwing net      |       |     1 |       |       ||     1
 Cast: Regeneration      |       |     1 |    11 |       ||    12
       Spectral Weapon   |       |       |     3 |     1 ||     4
 Abil: Breathe Noxious F |       |       |    35 |    23 ||    58
Evoke: Wand              |       |       |       |     9 ||     9
  Use: Potion            |     1 |     4 |     4 |     3 ||    12
       Scroll            |     2 |     8 |    11 |     6 ||    27
 Stab: Confused          |       |       |    15 |    15 ||    30
  Eat: Royal jelly       |     1 |       |     1 |       ||     2
       Chunk             |     1 |     4 |    17 |    11 ||    33
       Beef jerky        |       |     1 |       |     1 ||     2
       Fruit             |       |     1 |       |     4 ||     5
       Meat ration       |       |     1 |     1 |     1 ||     3
Armor: Skin              |    46 |   156 |   323 |   226 ||   751
Dodge: Dodged            |    77 |   243 |   506 |   488 ||  1314
       Rpst.: Scimitar   |       |       |       |     3 ||     3
